 Dungeon Crawl Stone Soup version 0.28-a0-128-gcbb86046cc (webtiles) character file.

Game seed: 4701214323994818275

195 T3K the Chopper (level 5, -3/47 HPs)
             Began as a Hill Orc Berserker on Aug 15, 2021.
             Was a Follower of Trog (penitent).
             Slain by a polar bear (5 damage)
             ... created by the rage of Trog
             ... on level 2 of the Dungeon.
             The game lasted 00:27:15 (1567 turns).

T3K the Chopper (Hill Orc Berserker)                Turns: 1567, Time: 00:27:15

Health: -3/47      AC:  3    Str: 21    XL:     5   Next: 74%
Magic:  5/5        EV: 12    Int:  7    God:    Trog [*]
Gold:   38         SH:  0    Dex: 10    Spells: 3/4 levels left

rFire   . . .      SeeInvis .   d - +1 short sword (elec)
rCold   . . .      Faith    .   (no shield)
rNeg    . . .      Spirit   .   j - +1 robe {Will+}
rPois   .          Reflect  .   (no helmet)
rElec   .          Harm     .   (no cloak)
rCorr   .          Rampage  .   (no gloves)
Will    +....                   (no boots)
Stlth   +.........              (no amulet)
HPRegen 0.15/turn               (no ring)
MPRegen 0.09/turn               (no ring)

@: no status effects
A: no striking features
a: Renounce Religion


You were on level 2 of the Dungeon.
You worshipped Trog.
Trog was demanding penance.
You visited 1 branch of the dungeon, and saw 2 of its levels.

You collected 38 gold pieces.

Inventory:

Hand Weapons
 a - a +0 hand axe
 d - a +1 short sword of electrocution (weapon)
 i - a +0 scythe
Missiles
 f - 29 arrows
 g - 12 stones
Armour
 b - a +0 animal skin
 j - a +1 robe of willpower (worn)
 k - a +0 leather armour
Scrolls
 c - a scroll of torment {unknown}
 e - a scroll of identify {unknown}
 l - 2 scrolls of fog {unknown}
Potions
 h - 2 potions of mutation {unknown}


   Skills:
 + Level 4.9 Fighting
 + Level 1.7 Short Blades
 + Level 5.7 Axes
 + Level 2.9 Armour
 + Level 2.2 Dodging
 + Level 0.3 Stealth


You had 3 spell levels left.
You knew the following spells:

 Your Spells              Type           Power      Damage    Failure   Level
a - Animate Skeleton      Necr           0%         N/A       43%         1

Your spell library contained the following spells:

 Spells                   Type           Power      Damage    Failure   Level
 Pain                     Necr           0%         1d4       43%         1
 Dazzling Flash           Conj/Hex       0%         N/A       80%         3
 Vampiric Draining        Necr           0%         2d6       80%         3
 Iskenderun's Mystic Bla  Conj/Tloc      0%         2d3       99%         4
 Starburst                Conj/Fire      0%         8x6d3     100%        6


Dungeon Overview and Level Annotations

Branches:
Dungeon (2/15)

Altars:
Trog

Shops:
D:1 :


Message History

The adder poisons you!
You puncture the adder!
The adder is almost dead.
You feel sick. The adder bites you. x2
You are more poisoned.
The adder poisons you!
You hit the adder. Lightning courses through the adder!
You kill the adder!
Trog accepts your kill.
You feel very sick.
You feel sick.
You feel sick.
You feel sick.
You feel sick.
You feel sick.
You feel sick.
You feel sick.
You feel sick.
You are no longer poisoned.
You start resting.
Trog sends monsters to punish you. 4 polar bears and a black bear come into view.
Okay, then.
You hit the polar bear.
The polar bear is lightly wounded.
You hit the polar bear.
Lightning courses through the polar bear!!
The polar bear is moderately wounded.
The polar bear barely misses you.
The polar bear claws you but does no damage. x2
The polar bear bites you!!
Ouch! That really hurt!
* * * LOW HITPOINT WARNING * * *
The polar bear closely misses you. x2
The black bear rages.
Unknown command.
You hit the polar bear.
The polar bear is moderately wounded.
The polar bear misses you. The polar bear claws you.
You die...

##.# #..# ##..#
...## #... #..#
#######..######
.......>hh@hh.#
.###########.h####.#
.........# #..#
########.###..#
.........^...# .##
#.#.#+#
#######.####.# ..#
#.#.... #.# #.# #.#
#.#.... #.# #.# #.#
#.#.... #.# #.# #.#
#.#....


You could see 4 polar bears and a black bear (berserk).

Vanquished Creatures
  Sigmund (D:2)
  An adder (D:2)
  4 ball pythons
  2 giant cockroaches (D:1)
  2 goblins
  7 hobgoblins
  4 kobolds
  A quokka (D:1)
  4 frilled lizards
  2 rats (D:1)
28 creatures vanquished.

Notes
Turn   | Place    | Note
-------+----------+-------------------------------------------
     0 | D:1      | T3K the Hill Orc Berserker began the quest for the Orb.
     0 | D:1      | Reached XP level 1. HP: 19/19 MP: 1/1
   139 | D:1      | Reached XP level 2. HP: 9/27 MP: 2/2
   477 | D:1      | Found Qaus's Book Shop.
   551 | D:1      | Was placed under penance by Trog
   553 | D:1      | Learned a level 1 spell: Animate Skeleton
   747 | D:2      | Noticed Sigmund
   787 | D:2      | HP: 1/27 [Sigmund (4)]
   788 | D:2      | Killed Sigmund
   789 | D:2      | Reached skill level 1 in Short Blades
   789 | D:2      | Reached skill level 5 in Axes
   789 | D:2      | Reached XP level 3. HP: 2/35 MP: 3/3
   789 | D:2      | Reached XP level 4. HP: 2/41 MP: 4/4
   789 | D:2      | Reached XP level 5. HP: 3/47 MP: 5/5
  1407 | D:2      | Found a bloodstained altar of Trog.
  1565 | D:2      | Noticed a black bear
  1565 | D:2      | Noticed a polar bear
  1565 | D:2      | Noticed a polar bear
  1565 | D:2      | Noticed a polar bear
  1565 | D:2      | Noticed a polar bear
  1566 | D:2      | HP: 2/47 [polar bear[the rage of Trog] (26)]
  1567 | D:2      | Slain by a polar bear

Illustrated notes

Levels and vault maps discovered:
D:1:      beargit_arrival_diablo_church, layout_basic, serial_shops, shop,
          minmay_tetromino_o4
D:2:      layout_basic, basic_altar, uniq_sigmund

Skill      XL: |  1  2 |
---------------+-------+-----
Fighting       | 4 |  4.9
Short Blades   | 1 |  1.7
Axes           | 5 |  5.7
Dodging        | 2 |  2.2
Armour         | |  2.9
Stealth        | |  0.3

Action                   |  1- 3 |  4- 6 || total
-------------------------+-------+-------++-------
Melee: Hand axe          |    18 |       ||    18
       Short sword       |    35 |    20 ||    55
Invok: Berserk           |     1 |       ||     1
  Use: Potion            |     1 |       ||     1
Armor: Animal skin       |     5 |       ||     5
       Robe              |       |     6 ||     6
Dodge: Dodged            |    30 |    10 ||    40

Table legend: (Time is in decaauts)
 A = Elapsed time spent in this place.
 B = Non-inter-level travel time spent in this place.
 C = Inter-level travel time spent in this place.
 D = Time resting spent in this place.
 E = Time spent auto-exploring this place.
 F = Levels seen in this place.
 G = Mean time per level.
                   A        B        C        D        E       F      G
               +--------+--------+--------+--------+--------+-----+--------+
         Total |   1589 |   1540 |     49 |    531 |    122 |   2 |  794.5 |
       Dungeon |   1589 |   1540 |     49 |    531 |    122 |   2 |  794.5 |
               +--------+--------+--------+--------+--------+-----+--------+

Top non-repeatable levels by time:
     D:2: 813 daAuts
     D:1: 776 daAuts
